 Dungeon Crawl Stone Soup version 0.30-a0-557-ge2afbf3030 (webtiles) character file.

73 rsvaco the Chopper (level 4, 0/36 HPs)
             Began as a Human Berserker on Jan 8, 2016.
             Was a Believer of Trog.
             Slain by a gnoll
             ... wielding a +0 flail
              (5 damage)
             ... on level 3 of the Dungeon on Dec 27, 2022.
             The game lasted 00:23:11 (2320 turns).

rsvaco the Chopper (Human Berserker)                Turns: 2320, Time: 00:23:12

Health: 0/36       AC:  8    Str: 19    XL:     4   Next: 51%
Magic:  4/4        EV:  8    Int:  8    God:    Trog [**....]
Gold:   207        SH:  8    Dex: 12    Spells: 3/3 levels left

rFire   . . .      SeeInvis .    a - +0 hand axe
rCold   . . .      Faith    .    r - +2 kite shield
rNeg    . . .      Spirit   .    u - +2 scale mail
rPois   .          Reflect  .    (no helmet)
rElec   .          Harm     .    (no cloak)
rCorr   .          Rampage  .    (no gloves)
Will    .....                    (no boots) Stlth
                                 (no amulet)
HPRegen 0.26/turn                (no ring)
MPRegen 0.09/turn                (no ring)

@: lethally poisoned (0 -> -6)
A: no striking features
a: Renounce Religion, Berserk, Trog's Hand


You were on level 3 of the Dungeon.
You worshipped Trog.
Trog was pleased with you.
You visited 1 branch of the dungeon, and saw 3 of its levels.

You collected 207 gold pieces.

Inventory:

Hand Weapons
 a - a +0 hand axe (weapon)
 d - a +0 club
 g - a +0 whip
 k - a +0 club
 l - a +0 sling
 t - a +0 short sword
 v - a +0 sling
 w - a +0 short sword
 y - a +0 dagger
 z - a +0 hand axe
Missiles
 e - 64 stones (quivered)
 h - 11 bolts of flame
 p - 13 poisoned darts
Armour
 b - a +0 animal skin
 i - a +0 buckler
 r - a +2 kite shield (worn)
 s - a +0 robe
 u - a +2 scale mail (worn)
Potions
 m - a potion of degeneration
 q - a potion of brilliance
 x - a potion of might
 B - a potion of mutation
 C - a potion of ambrosia
Comestibles
 c - 5 removed foods


   Skills:
 + Level 3.6 Fighting
 + Level 4.0 Axes
 + Level 0.6 Ranged Weapons
 + Level 2.1 Armour
 + Level 2.4 Dodging
 + Level 0.3 Stealth


You had 3 spell levels left.
You didn't know any spells.
Your spell library contained the following spells:

 Spells                   Type           Power      Damage    Failure   Level
 Kiss of Death            Conj/Necr      0%         2d5       99%         1
 Confusing Touch          Hex            0%         N/A       100%        3
 Dispel Undead            Necr           0%         3d6       100%        4


Dungeon Overview and Level Annotations

Branches:
Dungeon (3/15)

Altars:

Annotations:
D:3 1 transporter, ma3's ghost, amateur KoEn


Message History

You feel sick.
The gnoll shouts!
You block the gnoll's attack.
The gnoll drinks a potion.
The gnoll seems to speed up.
Ma3's ghost (amateur Kobold Enchanter) comes into view.
You feel sick.
The gnoll shouts!
Ma3's ghost turns its malevolent gaze towards you.
The gnoll hits you with a +0 spear of venom.
Cornered, the gnoll turns to fight!
You are too injured to fight recklessly!
You are too injured to fight recklessly!
You are too injured to fight recklessly!
You are too injured to fight recklessly!
You barely miss the gnoll. x2; You feel sick.
The gnoll hits you with a +0 flail. You block the gnoll's attack.
The gnoll hits you with a +0 spear of venom.
* * * LOW HITPOINT WARNING * * *
You are lethally poisoned!
The gnoll hits you from afar with the +10 halberd of the Volcano {venom, rF+ rC+}.
* * * LOW HITPOINT WARNING * * *
You are more poisoned.
You feel better.
The gnoll supplicates, "Why can't we all just get along?"
Cornered, the gnoll turns to fight!
You block the gnoll's attack. x2
The gnoll barely misses you.
You are too injured to fight recklessly!
You are too injured to fight recklessly!
You hit the gnoll.
The gnoll is moderately wounded.
You hit the gnoll. x2; The gnoll hits you with a +0 flail!
* * * LOW HITPOINT WARNING * * *
The gnoll barely misses you.
The gnoll hits you with a +0 spear of venom.
* * * LOW HITPOINT WARNING * * *
You are lethally poisoned!
The gnoll hits you with a +0 flail.
* * * LOW HITPOINT WARNING * * *
The gnoll hits you but does no damage. The gnoll hits you with a +0 flail.
You die...

..≈≈≈≈≈≈≈≈≈≈≈...≈≈≈≈≈≈≈≈≈≈≈......
..≈≈≈≈≈≈≈≈≈≈≈.?.≈≈≈≈≈≈≈≈≈≈≈......
..≈≈#####...........#####≈≈......
..≈≈#.#g#.###.©.###.#g#.#≈≈......
..≈≈#...###.#####.###...#≈≈......
..≈≈###........g..g...###≈≈.....#
..≈≈.8#.######W###'##.#8.≈≈.#####
..≈≈.##.#. #8.g#g..#.##.≈≈.#
..~~.#..+ #⌠©.@g..'g.#.~~.#
..≈≈.##.# #8..#..P#.##.≈≈.#
..≈≈.8#.######'###g##.#8.≈≈.#
.)≈≈###..gg...........###≈≈.#
..≈≈#ggg###.#####©###...#≈≈.#####
..≈≈#g#.#.###.©.###.#.#.#≈≈.##...
..≈≈#####...........#####≈≈....##
..≈≈≈≈≈≈≈≈≈≈≈≈~≈≈≈≈≈≈≈≈≈≈≈≈.#..#
..≈≈≈≈≈≈≈≈≈≈≈≈~≈≈≈≈≈≈≈≈≈≈≈≈.#..#


You could see ma3's ghost and 6 gnolls.

Vanquished Creatures
  An adder (D:1)
  A worm (D:3)
  2 dart slugs (D:2)
  4 endoplasms
  5 giant cockroaches
  2 goblins
  10 hobgoblins
  2 jackals (D:1)
  7 kobolds
  3 quokkas
  6 bats
  8 rats
51 creatures vanquished.

Vanquished Creatures (others)
  5 plants (D:3)
5 creatures vanquished.

Grand Total: 56 creatures vanquished

Notes
Turn   | Place    | Note
-------+----------+-------------------------------------------
     0 | D:1      | rsvaco the Human Berserker began the quest for the Orb.
     0 | D:1      | Reached XP level 1. HP: 18/18 MP: 1/1
   207 | D:1      | Reached XP level 2. HP: 24/24 MP: 2/2
   755 | D:1      | Reached XP level 3. HP: 23/29 MP: 3/3
  1039 | D:2      | Reached ** piety under Trog
  1251 | D:2      | Reached XP level 4. HP: 35/35 MP: 4/4
  1789 | D:3      | Reached skill level 4 in Axes
  1835 | D:3      | Found a faded altar of an unknown god.
  1967 | D:3      | Found a transporter.
  2071 | D:3      | Found a transporter.
  2101 | D:3      | Identified the +10 halberd of the Volcano {venom, rF+ rC+}
  2317 | D:3      | Noticed ma3's ghost (amateur KoEn)
  2320 | D:3      | Slain by a gnoll

Illustrated notes

Levels and vault maps discovered:
D:1:      matt_arrival_los_fun, st_stairs_5, minmay_misc_feat_five
D:2:      layout_basic, minmay_randomly_rotated_circles
D:3:      layout_basic, nicolae_ecumenical_lake_church,
          gammafunk_ghost_gnarly_gnolls

Skill      XL: |  1  2  3  4 |
---------------+-------------+-----
Axes           | 4 |  4.0
Fighting       | |  3.6
Ranged Weapons | |  0.6
Armour         | |  2.1
Dodging        | |  2.4
Stealth        | |  0.3

Action                   |  1- 3 |  4- 6 || total
-------------------------+-------+-------++-------
Melee: Hand axe          |   121 |    57 ||   178
       Punch             |     1 |       ||     1
 Fire: Sling             |     3 |    17 ||    20
Throw: Stone             |       |     7 ||     7
Invok: Trog's Hand       |     1 |       ||     1
  Use: Scroll            |     3 |    13 ||    16
       Potion            |     2 |     1 ||     3
 Stab: Sleeping          |       |     1 ||     1
Armor: Animal skin       |    23 |    12 ||    35
       Scale mail        |       |     3 ||     3
Dodge: Dodged            |    91 |    35 ||   126
Block: Kite shield       |       |    13 ||    13

Table legend: (Time is in decaauts)
 A = Elapsed time spent in this place.
 B = Non-inter-level travel time spent in this place.
 C = Inter-level travel time spent in this place.
 D = Time resting spent in this place.
 E = Time spent auto-exploring this place.
 F = Levels seen in this place.
 G = Mean time per level.
                   A        B        C        D        E       F      G
               +--------+--------+--------+--------+--------+-----+--------+
         Total |   2360 |   1090 |   1270 |      0 |    523 |   3 |  786.7 |
       Dungeon |   2360 |   1090 |   1270 |      0 |    523 |   3 |  786.7 |
               +--------+--------+--------+--------+--------+-----+--------+

Top non-repeatable levels by time:
     D:1: 964 daAuts
     D:2: 781 daAuts
     D:3: 613 daAuts
